 Dungeon Crawl Stone Soup version 0.29.1-13-g9f3cf754e1 (webtiles) character file.

Game seed: 2910115945562853991

95 Thatpatchoflichen the Shooter (level 4, -1/35 HPs)
             Began as a Demonspawn Hunter on Feb 1, 2023.
             Was an Initiate of Ru.
             Slain by a ball python (2 damage)
             ... on level 4 of the Dungeon.
             The game lasted 00:10:58 (3183 turns).

Thatpatchoflichen the Shooter (Demonspawn Hunter)   Turns: 3183, Time: 00:10:59

Health: -1/35      AC:  6    Str: 11    XL:     4   Next: 40%
Magic:  13/13      EV: 12    Int: 10    God:    Ru [......]
Gold:   107        SH:  0    Dex: 19    Spells: 3/3 levels left

rFire   . . .      SeeInvis .   a - +0 shortbow
rCold   . . .      Faith    .   (shield currently unavailable)
rNeg    . . .      Spirit   .   q - +0 ring mail
rPois   .          Reflect  .   (no helmet)
rElec   .          Harm     .   (no cloak)
rCorr   .          Rampage  .   d - +0 pair of gloves
Will    .....                   (no boots)
Stlth   ++........              (no amulet)
HPRegen 0.11/turn               k - ring of flight
MPRegen 0.13/turn               i - ring of magical power

@: mighty, flying
A: hooves 1, powered by pain 1, sturdy frame 1
a: Renounce Religion


You were on level 4 of the Dungeon.
You worshipped Ru.
Ru was noncommittal.
You visited 2 branches of the dungeon, and saw 5 of its levels.

You collected 107 gold pieces.

Inventory:

Hand Weapons
 a - a +0 shortbow (weapon)
Missiles
 e - 3 poisoned darts
Armour
 d - a +0 pair of gloves (worn)
 j - a +0 plate armour
 q - a +0 ring mail (worn)
Jewellery
 i - a ring of magical power (right hand)
 k - a ring of flight (left hand)
Wands
 l - a wand of roots (6)
Scrolls
 b - 2 scrolls of immolation
 f - a scroll of amnesia {unknown}
 g - 3 scrolls of identify {unknown}
 m - 2 scrolls of vulnerability {unknown}
 o - 2 scrolls of teleportation {unknown}
 p - a scroll of fog {unknown}
Potions
 h - a potion of heal wounds {unknown}
 n - a potion of lignification {unknown}


   Skills:
 + Level 3.0 Fighting
 + Level 4.2 Ranged Weapons
 + Level 0.0 Armour
 - Level 3.0 Dodging
 - Level 1.0 Stealth


You had 3 spell levels left.
You didn't know any spells.
Your spell library contained the following spells:

 Spells                   Type           Power      Damage    Failure   Level
 Sting                    Tmut/Pois      0%         1d3       52%         1
 Poisonous Vapours        Pois/Air       0%         N/A       65%         2
 Olgreb's Toxic Radiance  Pois           0%         N/A       99%         4


Dungeon Overview and Level Annotations

Branches:
Dungeon (4/15)             Temple (1/1) D:4

Altars:
Ashenzari
Cheibriados
Dithmenos
Fedhas
Kikubaaqudgha
Makhleb
Okawaru
Ru
Sif Muna
Trog
Uskayaw
Wu Jian

Shops:
D:2 (::

Annotations:
D:3 Grinder


Innate Abilities, Weirdness & Mutations

You have large cloven feet.
You sometimes gain a little power by taking damage.
Your movements are slightly less encumbered by armour. (ER -2)


Message History

You hover solemnly before the altar of Ru.
There is a bloodstained altar of Trog here.
There is a hide-covered altar of Uskayaw here.
There is a sacrificial altar of Ru here.
You hover solemnly before the altar of Ru.
Ru welcomes you!
Done exploring.
There is a bloodstained altar of Trog here.
There is a shimmering blue altar of Sif Muna here.
There is a shadowy altar of Dithmenos here.
There is a staircase back to the Dungeon here.
You fly upwards.
Welcome back to the Dungeon!
The ogre hits you with a +0 giant spiked club!
You focus on the pain.
You feel very mighty all of a sudden.
There is a staircase to the Ecumenical Temple, spattered with blood here.
The ogre attacks as you move away!
The ogre hits you with a +0 giant spiked club!!
Ouch! That really hurt!
* * * LOW HITPOINT WARNING * * *
You focus on the pain.
You feel mightier all of a sudden. The ogre attacks as you move away!
The ogre completely misses you. The dart slug launches a dart at you.
The slug dart misses you. The dart slug launches a dart at you.
The slug dart misses you.
There is a dry fountain here.
A ball python comes into view.
The ball python hisses angrily.
Found a stone staircase leading up.
The dart slug launches a dart at you. The slug dart hits you.
* * * LOW HITPOINT WARNING * * *
The ball python closely misses you. The ball python grabs you.
The ball python constricts you.
The ball python's grasp on you weakens, but your attempt to escape fails.
The ball python barely misses you. The ball python constricts you.
You escape the ball python's grasp.
The ball python bites you.
You die...

#........ #....... #.......
#...<... #+####......
............#####
............#...########
...............@#..........+....
..............SO#..........#....
...............#..........#....
#...###.......#..###.....#....
#.⌠.# #.....###..###'#####....
.###...###w....#............#....
..............[#............#....
..⌠..>..⌠......#............'....
...............#............#....


You could see an ogre, a dart slug and a ball python.

Vanquished Creatures
  3 gnolls (D:2)
  An adder (D:2)
  2 dart slugs
  2 endoplasms (D:1)
  4 giant cockroaches
  12 goblins
  A hobgoblin (D:1)
  5 kobolds
  2 quokkas (D:1)
  6 ball pythons (D:1)
  6 bats
  2 frilled lizards
  7 rats (D:1)
53 creatures vanquished.

Notes
Turn   | Place    | Note
-------+----------+-------------------------------------------
     0 | D:1      | Thatpatchoflichen the Demonspawn Hunter began the quest for
                  | the Orb.
     0 | D:1      | Reached XP level 1. HP: 16/16 MP: 1/1
    54 | D:1      | Reached skill level 1 in Stealth
    87 | D:1      | Gained mutation: You sometimes gain a little power by
                  | taking damage. [demonic ancestry]
    87 | D:1      | Reached XP level 2. HP: 5/22 MP: 2/2
   747 | D:1      | Gained mutation: Your movements are slightly less
                  | encumbered by armour. (ER -2) [demonic ancestry]
   747 | D:1      | Reached XP level 3. HP: 28/28 MP: 3/3
   927 | D:1      | Reached skill level 4 in Ranged Weapons
  1358 | D:2      | Found a faded altar of an unknown god.
  1376 | D:2      | Found Beonu's Vocational Training.
  1383 | D:2      | Found Heer's Book Shop.
  2035 | D:2      | Found Emallof's Weapon Shoppe.
  2193 | D:2      | Gained mutation: You have large cloven feet. [demonic
                  | ancestry]
  2193 | D:2      | Reached XP level 4. HP: 17/34 MP: 4/4
  2864 | D:3      | Noticed Grinder
  3001 | D:4      | Found a staircase to the Ecumenical Temple.
  3008 | D:4      | Noticed an ogre
  3011 | Temple   | Entered the Ecumenical Temple
  3145 | Temple   | Became a worshipper of Ru the Awakened
  3181 | D:4      | HP: 1/35 [dart slug/slug dart (2)]
  3183 | D:4      | Slain by a ball python

Illustrated notes

Levels and vault maps discovered:
D:1:      erik_arrival_blinker_ship, layout_basic, minivault_24,
          minmay_fountain_box, st_stairs_5, minmay_close_crescents
D:2:      layout_basic, shapermc_ecumenical_altar_totnotflames, serial_shops,
          nicolae_lakefront_shop, shop, nicolae_shop_vocational
D:3:      layout_basic, amethyst_overflow_temple_binary, uniq_grinder
D:4:      layout_gridville, minmay_temple_entry_junction, serial_shops, shop,
          chequers_mini_garden
Temple:   eino_wide_crystal_templ

Skill      XL: |  1  2  3  4 |
---------------+-------------+-----
Stealth        | 1 |  1.0
Dodging        | 2 3 |  3.0
Ranged Weapons | 4 |  4.2
Fighting       | 3 |  3.0

Action                   |  1- 3 |  4- 6 || total
-------------------------+-------+-------++-------
 Fire: Shortbow          |   119 |    27 ||   146
Armor: Leather armour    |    35 |     3 ||    38
       Ring mail         |       |     1 ||     1
Dodge: Dodged            |    75 |    12 ||    87
